 Dungeon Crawl Stone Soup version 0.25.1-11-g244df3a29b (webtiles) character file.

Game seed: 896382131852487645

56624 tkbsonic5 the Summoner (level 14, -2/106 HPs)
             Began as a Demonspawn Summoner on Dec 30, 2022.
             Was a Priest of Fedhas.
             Slain by a seven-headed hydra (4 damage)
             ... on level 15 of the Dungeon on Jan 3, 2023.
             The game lasted 04:39:03 (36172 turns).

tkbsonic5 the Summoner (Demonspawn Summoner)       Turns: 36172, Time: 04:39:04

Health: -2/106     AC: 14    Str: 11    XL:     14   Next: 42%
Magic:  0/26       EV: 13    Int: 25    God:    Fedhas [***...]
Gold:   331        SH:  0    Dex: 14    Spells: 1/30 levels left

rFire    . . .     SeeInvis +   v - +1 spear (freeze)
rCold    . . .     Gourm    .   (no shield)
rNeg     . . .     Faith    +   i - quicksilver dragon scales
rPois    .         Spirit   .   (helmet unavailable)
rElec    .         Reflect  .   (no cloak)
rCorr    .         Harm     .   m - +1 pair of gloves
MR       ++...                  M - +0 pair of boots
Stlth    ++........             L - amulet of faith
HPRegen  0.27/turn              I - ring of see invisible
MPRegen  0.20/turn              s - +6 ring of intelligence

@: mighty, marked
A: fangs 1, horns 3, camouflage 1, demonic guardian 1, rot immunity
a: Wall of Briars, Grow Ballistomycete, Renounce Religion


You were on level 15 of the Dungeon.
You worshipped Fedhas.
Fedhas was most pleased with you.
You were not hungry.

You visited 3 branches of the dungeon, and saw 22 of its levels.

You collected 1603 gold pieces.
You spent 1272 gold pieces at shops.

Inventory:

Hand Weapons
 a - a +0 demon whip of flaming
 v - a +1 spear of freezing (weapon)
 G - a +1 hunting sling of flaming
 N - a +3 shortbow
Missiles
 d - 43 poisoned darts (quivered)
 g - 137 bolts
 k - 14 boomerangs
 l - 7 atropa-tipped darts
 o - 38 sling bullets
 q - 3 javelins
 z - 277 arrows
 P - 4 datura-tipped darts
Armour
 i - quicksilver dragon scales (worn)
 m - a +1 pair of gloves (worn)
 n - a +0 leather armour
 B - +0 pearl dragon scales
 M - a +0 pair of boots (worn)
Jewellery
 f - a +4 ring of protection
 h - an uncursed ring of protection from cold
 r - an uncursed ring of protection from fire
 s - a +6 ring of intelligence (right hand)
 u - a +4 ring of slaying
 w - an uncursed ring of stealth
 C - a +6 ring of strength
 F - an uncursed amulet of magic regeneration
 I - a ring of see invisible (left hand)
 J - an uncursed ring of protection from fire
 K - an uncursed ring of magical power
 L - an amulet of faith (around neck)
 O - an uncursed ring of positive energy
 Q - an uncursed ring of positive energy
 T - an uncursed ring of poison resistance
Wands
 j - a wand of random effects (39)
 A - a wand of polymorph (21)
 H - a wand of flame (36)
 S - a wand of acid (2)
Scrolls
 b - 11 scrolls of remove curse
 p - 3 scrolls of identify
 t - 8 scrolls of amnesia
Potions
 e - a potion of mutation
 x - 2 potions of brilliance
 D - a potion of flight
Comestibles
 c - 4 rations


   Skills:
 * Level 8.6 Fighting
 - Level 2.1 Maces & Flails
 * Level 7.2 Polearms
 - Level 4.0(4.9) Slings
 - Level 1.2 Bows
 - Level 4.2(5.0) Throwing
 - Level 5.6 Armour
 * Level 6.0 Dodging
 - Level 1.7 Stealth
 * Level 8.5 Spellcasting
 * Level 7.6 Hexes
 * Level 9.7 Summonings
 * Level 1.7 Transmutations
 * Level 7.7 Ice Magic
 * Level 4.7 Air Magic
 * Level 8.9 Invocations
 + Level 5.9 Evocations


You had one spell level left.
You knew the following spells:

 Your Spells              Type           Power        Failure   Level  Hunger
a - Tukima's Dance        Hex            #####...     1%          3    None
b - Call Imp              Summ           ######..     1%          2    None
c - Call Canine Familiar  Summ           ######..     1%          3    None
d - Summon Ice Beast      Ice/Summ       ######..     3%          4    ##.....
e - Ensorcelled Hibernat  Hex/Ice        #####.       1%          2    None
f - Confusing Touch       Hex            #####...     1%          3    None
g - Corona                Hex            #####..      1%          1    None
h - Summon Lightning Spi  Summ/Air       #####...     6%          4    ##.....
i - Summon Guardian Gole  Hex/Summ       ######..     1%          3    None
j - Ice Form              Ice/Tmut       ####....     19%         4    ##.....

Your spell library contained the following spells:

 Spells                   Type           Power        Failure   Level  Hunger
 Summon Small Mammal      Summ           ####         1%          1    None
 Dazzling Flash           Conj/Hex       ####..       8%          3    None
 Metabolic Englaciation   Hex/Ice        #####.....   14%         5    ####...
 Leda's Liquefaction      Hex/Erth       ####......   26%         4    ##.....
 Ozocubu's Refrigeration  Ice            #####.....   61%         6    ######.
 Bolt of Magma            Conj/Fire/Erth ##........   98%         5    ####...
 Freezing Cloud           Conj/Ice/Air   ####......   98%         6    ######.
 Simulacrum               Ice/Necr       ####......   98%         6    ######.
 Iron Shot                Conj/Erth      ##........   100%        6    ######.
 Statue Form              Tmut/Erth      ###......    100%        6    ######.
 Haunt                    Necr/Summ      #####.....   100%        7    #######
 Borgnjor's Revivificati  Necr           ##........   100%        8    #######
 Death's Door             Chrm/Necr      ##........   100%        8    #######
 Infestation              Necr           ##........   100%        8    #######
 Necromutation            Tmut/Necr      ###.......   100%        8    #######
 Shatter                  Erth           ##........   100%        9    #######


Dungeon Overview and Level Annotations

Branches:
Dungeon (15/15)            Temple (1/1) D:6            Lair (6/6) D:10
 Shoals (0/4) Lair:2        Snake (0/4) Lair:3        Slime (0/5) Lair:5
    Orc (0/2) D:12         Vaults (0/5) D:13
 Depths: D:15

Altars:
Cheibriados
Fedhas
Gozag
Hepliaklqana
Kikubaaqudgha
Makhleb
Nemelex Xobeh
Vehumet
The Shining One
Beogh
Jiyva

Shops:
D:8 [   D:11 =   D:13 *   D:14 :   D:15 !

Portals:
Hell: Lair:6

Annotations:
D:4 3 runed translucent doors, Duder's ghost, amateur MiBe; raceaflais's ghost, amateur DrFE
D:14 exclusion: ice statue
Lair:1 3 runed translucent doors, pokeman's ghost, journeyman DEWz


Innate Abilities, Weirdness & Mutations

You have a pair of large horns on your head.
A weak demonic guardian rushes to your aid.
You are immune to rotting.
You have very sharp teeth.
Your skin changes colour to match your surroundings (Stealth+).


Message History

The seven-headed hydra bites you!
* * * LOW HITPOINT WARNING * * *
The seven-headed hydra bites you.
* * * LOW HITPOINT WARNING * * *
The seven-headed hydra bites you!
* * * LOW HITPOINT WARNING * * *
The seven-headed hydra bites you.
* * * LOW HITPOINT WARNING * * *
The seven-headed hydra bites you but does no damage.
The seven-headed hydra completely misses you.
A hippogriff comes into view.
A centaur warrior comes into view.
Press: ? - help, Dir - move target cursor, p - seven-headed hydra A ballistomycete grows from the ground.
You feel somewhat more hungry. The seven-headed hydra bites you.
* * * LOW HITPOINT WARNING * * *
The seven-headed hydra completely misses you. x2
The seven-headed hydra bites you but does no damage.
The seven-headed hydra misses you. x2; The seven-headed hydra bites you.
You die...
Fedhas appreciates your contribution to the ecosystem.

##......##
##........##
#..........#
#..........#
#..........#
#..........#
#####x.(.......#
#P@Dyyy.(.....#
######cH≈≈≈...#
#..≈H≈≈≈...#
#..≈≈∩≈≈...#
#..≈≈.≈≈...#
#...≈.≈....#
#...........
#.........#.##
..#


You could see a seven-headed hydra (corroded), a centaur warrior, a hippogriff,
an unseen horror (invisible), 3 vampire mosquitoes and a friendly ballistomycete
(summoned, unaware).

Vanquished Creatures
  2 hydras
  A hell beast (Lair:6)
  A tengu warrior (D:15)
  A death yak (Lair:5)
  A two-headed ogre (D:8)
  Sonja (Lair:3)
  2 unseen horrors
  2 deep elf magi (D:12)
  An orc knight (D:12)
  6 elephants
  A black mamba (Lair:1)
  A torpor snail (Lair:6)
  Maurice (D:11)
  An orange demon (Lair:6)
  3 spiny frogs
  Maggie (Lair:2)
  A komodo dragon (Lair:3)
  2 rime drakes (Lair:6)
  2 ice devils (Lair:6)
  A tengu conjurer (D:15)
  3 trolls (D:12)
  2 polar bears
  A nameless horror (Lair:2)
  5 blink frogs
  A dream sheep (Lair:5)
  3 hippogriffs
  A spriggan (D:12)
  A fire bat (shapeshifter) (D:13)
  39 yaks
  2 wyverns
  A hog (D:12)
  2 basilisks
  3 vampire mosquitoes
  2 hungry ghosts
  An acid dragon (D:15)
  3 porcupines (Lair:1)
  8 water moccasins
  2 hell hounds (Lair:6)
  5 orc warriors
  3 black bears
  6 centaurs
  3 ogres
  3 wolves (Lair:2)
  5 crocodiles
  A big kobold (D:10)
  7 bullfrogs
  An earth elemental (D:13)
  5 scorpions
  3 killer bees (D:7)
  3 wights
  3 howler monkeys
  2 electric eels
  4 crimson imps
  A bullfrog zombie (D:12)
  6 orc priests
  A bullfrog skeleton (D:12)
  2 centaur zombies
  4 hounds
  11 orc wizards
  5 centaur skeletons
  A jelly (D:5)
  An iguana (D:8)
  5 worker ants
  A killer bee zombie (D:7)
  A gnoll (D:2)
  7 adders
  3 shadow imps
  An ooze (D:3)
  An adder zombie (D:7)
  4 dart slugs
  A leopard gecko (D:7)
  28 orcs
  4 giant cockroaches
  8 goblins
  7 hobgoblins
  2 jackals (D:2)
  14 kobolds
  3 quokkas
  8 bats
  3 frilled lizards
  A jackal skeleton (D:5)
  4 rats (D:1)
  2 ballistomycete spores
  A plant (Lair:3)
307 creatures vanquished.

Vanquished Creatures (collateral kills)
  Gastronok (D:9)
  Snorg (D:12)
  5 hydras
  A catoblepas (D:14)
  A death knight (D:14)
  Erica (D:11)
  2 two-headed ogres
  3 centaur warriors
  6 tengu warriors
  2 skeletal warriors (D:13)
  An unseen horror (D:10)
  A flayed ghost (D:14)
  A wizard (Lair:6)
  2 orc knights (D:12)
  2 manticores
  2 ugly things (D:12)
  5 black mambas
  A merfolk siren (Lair:2)
  2 centaur zombies
  2 elephants
  A torpor snail (Lair:5)
  3 spiny frogs
  Joseph (Lair:1)
  An orange demon (Lair:6)
  An ice devil (Lair:6)
  8 rime drakes
  6 komodo dragons
  A red devil (Lair:6)
  2 tengu conjurers (D:14)
  A troll (D:11)
  2 trolls (shapeshifter)
  2 hornets
  A merfolk (D:12)
  7 slime creatures (D:13)
  14 blink frogs
  3 polar bears
  3 dream sheep (Lair:5)
  5 hippogriffs
  2 shadows
  A wyvern (D:11)
  3 basilisks
  4 hogs (D:12)
  41 yaks
  A human (shapeshifter) (D:13)
  3 hungry ghosts
  A vampire mosquito (D:15)
  Grum (D:9)
  2 wargs (D:10)
  2 hell hounds (Lair:6)
  4 water moccasins
  A soldier ant (D:13)
  An acid dragon (D:14)
  A porcupine (Lair:5)
  3 orc warriors
  2 sky beasts
  5 ice beasts
  A black bear (Lair:1)
  2 wolves (D:9)
  7 ogres
  8 centaurs
  9 crocodiles
  2 big kobolds
  3 bullfrogs
  A wyvern zombie (D:14)
  An earth elemental (D:13)
  A wyvern skeleton (D:14)
  A wight (D:9)
  A killer bee (D:8)
  3 electric eels
  7 nameless horrors
  6 crimson imps
  6 howler monkeys
  A quasit (D:14)
  A bullfrog zombie (D:11)
  A hound (D:7)
  A centaur skeleton (D:11)
  3 jellies
  9 orc priests
  2 iguanas
  A bullfrog skeleton (D:9)
  8 orc wizards
  4 worker ants
  Robin (D:4)
  11 gnolls
  A worker ant zombie (D:10)
  6 adders
  2 adder skeletons
  A dart slug (D:1)
  2 leopard geckos
  37 orcs
  3 giant cockroaches
  7 goblins
  2 hobgoblins (D:2)
  A jackal (D:2)
  A bat (D:1)
  4 frilled lizards
  7 kobolds
  2 rats (D:1)
  32 ballistomycete spores
392 creatures vanquished.

Vanquished Creatures (others)
  Kirke (D:12)
  2 hydras
  A deep elf mage (D:9)
  2 oklob plants (Lair:5)
  A komodo dragon (Lair:5)
  2 hogs (D:12)
  A bullfrog zombie (D:13)
  3 orcs (D:12)
  4 ballistomycete spores
  25 fungi
  14 plants
56 creatures vanquished.

Grand Total: 755 creatures vanquished

Notes
Turn   | Place    | Note
-------+----------+-------------------------------------------
     0 | D:1      | tkbsonic5 the Demonspawn Summoner began the quest for the
                  | Orb.
     0 | D:1      | Reached XP level 1. HP: 13/13 MP: 3/3
   162 | D:1      | Gained mutation: You have a pair of small horns on your
                  | head. [demonic ancestry]
   162 | D:1      | Reached XP level 2. HP: 2/20 MP: 0/5
   454 | D:1      | Learned a level 2 spell: Call Imp
  1801 | D:1      | Reached XP level 3. HP: 8/25 MP: 6/6
  1806 | D:1      | Learned a level 3 spell: Call Canine Familiar
  2048 | D:2      | Reached skill level 1 in Armour
  2083 | D:2      | Reached skill level 1 in Fighting
  2295 | D:2      | Reached skill level 1 in Throwing
  2295 | D:2      | Gained mutation: You have a pair of horns on your head.
                  | [demonic ancestry]
  2295 | D:2      | Reached XP level 4. HP: 28/32 MP: 7/7
  3786 | D:3      | Reached XP level 5. HP: 37/37 MP: 8/8
  4184 | D:4      | Reached skill level 1 in Polearms
  4350 | D:4      | Found a radiant altar of Vehumet.
  4361 | D:4      | Noticed Robin
  4375 | D:4      | Killed Robin
  4375 | D:4      | Gained mutation: You are immune to rotting. [demonic
                  | ancestry]
  4375 | D:4      | Reached XP level 6. HP: 44/44 MP: 1/10
  4586 | D:4      | Found a runed translucent gate.
  4586 | D:4      | Found a runed translucent gate.
  4586 | D:4      | Found a runed translucent gate.
  4595 | D:4      | Learned a level 4 spell: Summon Ice Beast
  4599 | D:4      | Noticed Duder's ghost (amateur MiBe)
  4599 | D:4      | Noticed raceaflais's ghost (amateur DrFE)
  5025 | D:5      | Entered Level 5 of the Dungeon
  5204 | D:5      | Noticed a sky beast
  5211 | D:5      | Killed a sky beast
  5211 | D:5      | Reached skill level 1 in Ice Magic
  5385 | D:5      | Reached XP level 7. HP: 51/51 MP: 2/11
  5927 | D:6      | Found a staircase to the Ecumenical Temple.
  6037 | Temple   | Entered the Ecumenical Temple
  6043 | Temple   | Became a worshipper of Fedhas Madash
  6064 | D:7      | Found a hazy altar of Hepliaklqana.
  6087 | D:7      | Reached skill level 5 in Summonings
  6946 | D:7      | Reached XP level 8. HP: 58/58 MP: 4/13
  6960 | D:7      | Reached * piety under Fedhas
  7385 | D:7      | Learned a level 2 spell: Ensorcelled Hibernation
  7958 | D:8      | Noticed a two-headed ogre
  7974 | D:8      | Killed a two-headed ogre
  7974 | D:8      | Reached skill level 1 in Hexes
  8533 | D:8      | Reached XP level 9. HP: 66/66 MP: 6/15
  8566 | D:8      | Reached skill level 6 in Summonings
  8645 | D:8      | Noticed a two-headed ogre
  8652 | D:8      | Killed a two-headed ogre
  8761 | D:8      | Learned a level 3 spell: Tukima's Dance
  8765 | D:8      | Learned a level 3 spell: Confusing Touch
  8833 | D:8      | Reached ** piety under Fedhas
  9165 | D:8      | Found an ancient bone altar of Kikubaaqudgha.
  9256 | D:8      | Found Oliyceg's Antique Armour Shoppe.
  9264 | D:8      | Bought a slimy ring mail for 297 gold pieces
  9274 | D:8      | Identified the +1 ring mail "Icagrirgh" {rC++ Dex-5 SInv}
                  | (You bought it in a shop on level 8 of the Dungeon)
  9834 | D:9      | Killed a deep elf mage
 10079 | D:9      | Found a glowing golden altar of the Shining One.
 10274 | D:9      | Reached skill level 5 in Fighting
 10420 | D:9      | Reached skill level 5 in Spellcasting
 10793 | D:9      | Reached skill level 1 in Invocations
 10805 | D:9      | Reached skill level 1 in Evocations
 10946 | D:9      | Noticed Gastronok
 10963 | D:9      | Killed Gastronok
 10963 | D:9      | Reached XP level 10. HP: 50/74 MP: 5/17
 11120 | D:9      | Noticed Grum
 11128 | D:9      | Killed Grum
 11229 | D:9      | Found an opulent altar of Gozag.
 11437 | D:9      | Found the +5 demon whip "Spellbinder" {antimagic, MR+}
 11683 | D:10     | Entered Level 10 of the Dungeon
 11752 | D:10     | Reached skill level 1 in Maces & Flails
 11913 | D:10     | Killed an unseen horror
 12542 | D:10     | Reached skill level 7 in Summonings
 12901 | D:10     | Found a staircase to the Lair.
 13294 | Lair:1   | Entered Level 1 of the Lair of Beasts
 13307 | Lair:1   | Noticed a black mamba
 13316 | Lair:1   | Killed a black mamba
 13545 | Lair:1   | Noticed a black mamba
 13553 | Lair:1   | Killed a black mamba
 13954 | Lair:1   | Gained mutation: A weak demonic guardian rushes to your
                  | aid. [demonic ancestry]
 13954 | Lair:1   | Reached XP level 11. HP: 81/81 MP: 0/19
 13961 | Lair:1   | Reached *** piety under Fedhas
 14336 | Lair:1   | Reached skill level 5 in Ice Magic
 14697 | Lair:1   | Noticed Joseph
 14712 | Lair:1   | Reached skill level 5 in Polearms
 14715 | Lair:1   | Killed Joseph
 15388 | Lair:1   | Found a runed translucent gate.
 15389 | Lair:1   | Found a runed translucent gate.
 15390 | Lair:1   | Found a runed translucent gate.
 15394 | Lair:1   | Found a viscous altar of Jiyva.
 15394 | Lair:1   | Noticed pokeman's ghost (journeyman DEWz)
 15570 | Lair:1   | Reached skill level 5 in Invocations
 15947 | Lair:2   | Found a staircase to the Shoals.
 16278 | Lair:2   | Reached skill level 1 in Slings
 16744 | Lair:2   | Noticed Maggie
 16763 | Lair:2   | Killed Maggie
 17346 | Lair:2   | Learned a level 1 spell: Corona
 17351 | Lair:2   | Learned a level 4 spell: Summon Lightning Spire
 17587 | Lair:3   | Reached skill level 5 in Hexes
 18049 | Lair:3   | Noticed Sonja
 18065 | Lair:3   | Found a staircase to the Snake Pit.
 18429 | Lair:3   | Noticed an eight-headed hydra
 18445 | Lair:3   | Killed Sonja
 18446 | Lair:3   | Gained mutation: You have very sharp teeth. [potion of
                  | mutation]
 18446 | Lair:3   | Gained mutation: Your skin changes colour to match your
                  | surroundings (Stealth+). [potion of mutation]
 18450 | Lair:3   | Killed an eight-headed hydra
 18474 | Lair:3   | HP: 6/124 [poisoned by Sonja]
 18479 | Lair:3   | HP: 2/83 [poisoned by Sonja]
 18487 | Lair:3   | HP: 1/83 [poisoned by Sonja]
 18495 | Lair:3   | HP: 1/83 [poisoned by Sonja]
 18800 | Lair:3   | Reached skill level 8 in Summonings
 19287 | Lair:3   | Noticed a four-headed hydra
 19319 | Lair:3   | Killed a four-headed hydra
 19319 | Lair:3   | Gained mutation: You have a pair of large horns on your
                  | head. [demonic ancestry]
 19319 | Lair:3   | Reached XP level 12. HP: 89/89 MP: 3/22
 20626 | Lair:4   | Reached **** piety under Fedhas
 20770 | Lair:4   | Reached skill level 5 in Dodging
 20772 | Lair:4   | Reached skill level 1 in Air Magic
 21914 | Lair:5   | Found a staircase to the Slime Pits.
 21914 | Lair:5   | Found a viscous altar of Jiyva.
 22085 | Lair:5   | Reached skill level 5 in Armour
 22229 | Lair:5   | Noticed a six-headed hydra
 22292 | Lair:5   | Killed a six-headed hydra
 22510 | Lair:5   | Noticed a death yak
 22571 | Lair:5   | Killed a death yak
 23563 | Lair:5   | Noticed an eight-headed hydra
 23578 | Lair:5   | Killed an eight-headed hydra
 23783 | Lair:5   | Learned a level 3 spell: Summon Guardian Golem
 23784 | Lair:6   | Entered Level 6 of the Lair of Beasts
 24137 | Lair:6   | Noticed a five-headed hydra
 24143 | Lair:6   | Killed a five-headed hydra
 24283 | Lair:6   | Noticed an eight-headed hydra
 24285 | Lair:6   | Noticed a seven-headed hydra
 24299 | Lair:6   | Killed an eight-headed hydra
 24304 | Lair:6   | Killed a seven-headed hydra
 24316 | Lair:6   | Reached XP level 13. HP: 98/98 MP: 5/24
 24516 | Lair:6   | Found a burning altar of Makhleb.
 24983 | Lair:6   | Reached skill level 5 in Evocations
 25085 | Lair:6   | Reached skill level 9 in Summonings
 26642 | Lair:6   | Found a gateway to Hell.
 26685 | Lair:6   | Got a distressingly furry ring mail
 26697 | Lair:6   | Identified the cursed +0 ring mail of Going Fast {rC- MR+
                  | SInv} (You found it on level 6 of the Lair of Beasts)
 27190 | D:11     | Noticed Erica
 27210 | D:11     | Killed Erica
 27299 | D:11     | Found Zosyisuc's Jewellery Shop.
 27306 | D:11     | Bought an uncursed ring of see invisible for 195 gold
                  | pieces
 27306 | D:11     | Bought an uncursed ring of magical power for 260 gold
                  | pieces
 27306 | D:11     | Bought an uncursed amulet of faith for 520 gold pieces
 27516 | D:11     | Noticed Maurice
 27524 | D:11     | Killed Maurice
 28466 | D:12     | Noticed Snorg
 28484 | D:12     | Killed Snorg
 28688 | D:12     | Noticed Kirke
 28691 | D:12     | Noticed a sphinx
 28721 | D:12     | Killed Kirke
 29348 | D:12     | Reached skill level 1 in Bows
 30568 | D:12     | Found a roughly hewn altar of Beogh.
 30570 | D:12     | Found a staircase to the Orcish Mines.
 31468 | D:13     | Found Tario's Pet Rocks.
 31533 | D:13     | Found a gate to the Vaults.
 31541 | D:13     | Reached XP level 14. HP: 82/105 MP: 1/26
 31709 | D:13     | Learned a level 4 spell: Ice Form
 33308 | D:14     | Found a frozen archway.
 33809 | D:14     | Reached skill level 1 in Transmutations
 33885 | D:14     | Found Huipuane's Book Shop.
 34835 | D:15     | Entered Level 15 of the Dungeon
 36158 | D:15     | Found Anisteh's Distillery.
 36170 | D:15     | HP: 4/106 [seven-headed hydra (3)]
 36172 | D:15     | Slain by a seven-headed hydra

Illustrated notes

Levels and vault maps discovered:
D:1:      dpeg_arrival_chambers_temple_mockup, layout_basic
D:2:      layout_rooms, first_ration, minmay_lizard_pond
D:3:      layout_basic
D:4:      layout_basic, fiery_altar_vehumet, gammafunk_ghost_cemetery,
          uniq_robin
D:5:      layout_basic, kennysheep_doodads, minmay_misc_feat_more_columns
D:6:      layout_loops_ring, lemuel_coloured_pillars_altar, tgw_trog,
          minmay_temple_entry_arrows, uniq_pikel
D:7:      layout_cave_pods, old_standard_altar
D:8:      layout_basic, kiku_gazebo_garden_becter, serial_shops,
          nicolae_shop_statue_plus, minmay_increasing_density
D:9:      layout_basic, nicolae_overflow_crystal_walls, basic_altar, uniq_grum,
          uniq_gastronok
D:10:     layout_long_grid, erik_lair_orcish_takeover
D:11:     layout_irregular_city, serial_shops, nicolae_shop_statue_plus,
          uniq_maurice, uniq_erica
D:12:     layout_roguey, david_orc_5, hangedman_stone_soup, hex_large,
          uniq_snorg, uniq_kirke
D:13:     layout_roguey, david_vaults_2, guppyfry_shop_earth
D:14:     layout_basic, hangedman_decor_points, portal_ice_cave_rime,
          serial_shops, nicolae_shop_temple_entry_statues_fountains,
          minivault_16
D:15:     grunt_enter_depths_snipers, layout_rooms, serial_shops,
          nicolae_shop_waterfront, minivault_25, grunt_ministairs_7
Temple:   eino_temple_rhombus
Lair:1:   layout_layer_cave, gammafunk_ghost_ooze, gammafunk_lair_bear_cave,
          uniq_joseph
Lair:2:   layout_long_grid, minmay_shoals_entry_lonely_mermaid, uniq_maggie
Lair:3:   layout_misc_corridors, guppyfry_snake_entry_island,
          serial_bayou_lake_a, uniq_sonja
Lair:4:   layout_misc_corridors, grunt_megastairs_3
Lair:5:   layout_gridlike, slime_altar_1, minmay_lair_oklob_chamber
Lair:6:   evil_forest, layout_regular_city, gauntlet_entry_generic

Skill      XL: |  1  2  3  4  5  6  7  8  9 10 11 12 13 14 |
---------------+-------------------------------------------+-----
Dodging        | 2 3 4 5 6 |  6.0
Armour         | 1 2 3 4 5 |  5.6
Fighting       | 1 2 3 4 5 6 7 8 |  8.6
Throwing       | 1 2 3 4 |  4.2
Polearms       | 1 2 3 4 5 6 7 |  7.2
Spellcasting   | 3 4 5 6 7 8 |  8.5
Ice Magic      | 1 2 3 4 5 6 7 |  7.7
Summonings     | 5 6 7 8 9 |  9.7
Hexes          | 1 3 4 5 6 7 |  7.6
Invocations    | 2 4 5 6 8 |  8.9
Evocations     | 1 3 4 5 |  5.9
Maces & Flails | 2 |  2.1
Slings         | 2 3 4 |  4.0
Air Magic      | 2 4 |  4.7
Bows           | 1 |  1.2
Transmutations | 1 |  1.7
Stealth        | |  1.7

Action                   |  1- 3 |  4- 6 |  7- 9 | 10-12 | 13-15 || total
-------------------------+-------+-------+-------+-------+-------++-------
Melee: Unarmed           |     4 |       |       |       |       ||     4
       Whip              |    39 |       |       |       |       ||    39
       Mace              |    37 |    20 |       |       |       ||    57
       Headbutt          |     9 |     6 |    22 |    51 |    46 ||   134
       Glaive            |       |   101 |   171 |    66 |       ||   338
       Demon whip        |       |       |       |    14 |    68 ||    82
       Spear             |       |       |       |   371 |   324 ||   695
       Bite              |       |       |       |    23 |    25 ||    48
       Hunting sling     |       |       |       |       |     1 ||     1
 Fire: Hunting sling     |       |       |       |    15 |   209 ||   224
       Shortbow          |       |       |       |       |    23 ||    23
Throw: Dart              |     4 |    60 |    38 |    30 |     7 ||   139
       Javelin           |       |       |       |    13 |     4 ||    17
 Cast: Summon Small Mamm |    13 |     5 |    18 |       |       ||    36
       Call Imp          |    15 |    22 |    54 |   109 |    60 ||   260
       Call Canine Famil |     2 |     9 |    37 |    65 |    31 ||   144
       Ensorcelled Hiber |       |       |     3 |    12 |     8 ||    23
       Summon Ice Beast  |       |       |    13 |   115 |   149 ||   277
       Confusing Touch   |       |       |     4 |    15 |    14 ||    33
       Tukima's Dance    |       |       |     4 |       |     1 ||     5
       Corona            |       |       |       |     6 |    14 ||    20
       Summon Lightning  |       |       |       |    20 |    96 ||   116
       Summon Guardian G |       |       |       |     1 |    28 ||    29
Invok: Wall of Briars    |       |       |     2 |     6 |     6 ||    14
       Grow Ballistomyce |       |       |       |     6 |    13 ||    19
       Overgrow          |       |       |       |     1 |     5 ||     6
Evoke: Wand              |       |       |     5 |    20 |    49 ||    74
       Phantom mirror    |       |       |       |     1 |       ||     1
  Use: Scroll            |     5 |     9 |    17 |    13 |    15 ||    59
       Potion            |       |       |     8 |    15 |    11 ||    34
 Stab: Sleeping          |     2 |     2 |     1 |     6 |     3 ||    14
       Distracted        |       |       |     6 |    13 |     4 ||    23
       Confused          |       |       |     1 |     7 |     4 ||    12
  Eat: Chunk             |     5 |     8 |     5 |    11 |    10 ||    39
       Ration            |     1 |     2 |     6 |    16 |    15 ||    40
Armor: Robe              |     5 |       |       |       |       ||     5
       Leather armour    |    41 |    51 |    36 |    13 |       ||   141
       Quicksilver drago |       |     8 |    50 |   126 |   164 ||   348
       Skin              |       |       |       |       |    51 ||    51
Dodge: Dodged            |    76 |    90 |   124 |   183 |   249 ||   722
